 Dungeon Crawl Stone Soup version 0.28-a0-1087-gf3fc490d9d (webtiles) character file.

Game seed: 11577589879720140331

37 fragbeetle the Grasshopper (level 3, 28/28 HPs)
             Began as a Palentonga Warper on Dec 10, 2021.
             Quit the game on level 3 of the Dungeon.
             The game lasted 00:03:28 (2398 turns).

fragbeetle the Grasshopper (Palentonga Warper)      Turns: 2398, Time: 00:03:28

Health: 28/28      AC:  5    Str: 14    XL:     3   Next: 21%
Magic:  6/6        EV:  9    Int: 15    God:
Gold:   84         SH:  0    Dex:  9    Spells: 4/6 levels left

rFire   . . .      SeeInvis +   a - +0 spear
rCold   . . .      Faith    .   (no shield)
rNeg    . . .      Spirit   .   b - +0 leather armour
rPois   .          Reflect  .   j - +0 helmet
rElec   .          Harm     .   (no cloak)
rCorr   .          Rampage  .   (no gloves)
Will    .....                   (no barding)
Stlth   +.........              g - amulet of regeneration
HPRegen 0.89/turn               (no ring)
MPRegen 0.10/turn               (no ring)

@: no status effects
A: large, rugged brown scales 3, see invisible, deformed body, roll 1, armoured
tail
a: Rolling Charge


You were on level 3 of the Dungeon.
You visited 1 branch of the dungeon, and saw 3 of its levels.

You collected 84 gold pieces.

Inventory:

Hand Weapons
 a - a +0 spear (weapon)
Missiles
 d - 5 boomerangs of dispersal (quivered)
 i - 2 curare-tipped darts
Armour
 b - a +0 leather armour (worn)
 j - a +0 helmet (worn)
Jewellery
 g - an amulet of regeneration (around neck)
Scrolls
 c - a scroll of blinking
 e - a scroll of fog {unknown}
 f - a scroll of identify {unknown}
 h - a scroll of fear {unknown}


   Skills:
 * Level 2.2 Fighting
 + Level 2.1 Polearms
 - Level 0.6 Throwing
 + Level 0.8 Armour
 + Level 2.0 Dodging
 + Level 2.0 Spellcasting
 * Level 3.6 Translocations


You had 4 spell levels left.
You knew the following spells:

 Your Spells              Type           Power      Damage    Failure   Level
a - Blink                 Tloc           24%        N/A       10%         2

Your spell library contained the following spells:

 Spells                   Type           Power      Damage    Failure   Level
 Gell's Gravitas          Tloc           12%        N/A       19%         3
 Lesser Beckoning         Tloc           12%        N/A       19%         3
 Teleport Other           Tloc           12%        N/A       19%         3
 Manifold Assault         Tloc           12%        N/A       86%         5


Dungeon Overview and Level Annotations

Branches:
Dungeon (3/15)

Altars:


Innate Abilities, Weirdness & Mutations

You are completely covered in rugged brown scales. (AC +3, +7% HP)
You have supernaturally acute eyesight. (SInv)
Armour fits poorly on your strangely shaped body.
You can roll at nearby foes to attack.
You have a long armoured tail.


Message History

The hobgoblin shouts!
The hobgoblin barely misses you.
You hit the hobgoblin but do no damage.
The hobgoblin hits you but does no damage.
You hit the hobgoblin but do no damage.
Your tail-slap misses the hobgoblin.
The hobgoblin hits you.
You closely miss the hobgoblin.
The hobgoblin hits you but does no damage.
You hit the hobgoblin.
The hobgoblin is lightly wounded.
The hobgoblin hits you but does no damage.
You hit the hobgoblin.
Your tail-slap misses the hobgoblin.
The hobgoblin is moderately wounded.
The hobgoblin barely misses you.
You barely miss the hobgoblin.
The hobgoblin is moderately wounded.
The hobgoblin hits you but does no damage.
You hit the hobgoblin.
The hobgoblin is heavily wounded.
The hobgoblin closely misses you.
You closely miss the hobgoblin.
The hobgoblin is heavily wounded.
The hobgoblin hits you but does no damage.
You hit the hobgoblin but do no damage.
The hobgoblin is heavily wounded.
The hobgoblin closely misses you.
You hit the hobgoblin but do no damage.
The hobgoblin is heavily wounded.
The hobgoblin hits you but does no damage.
You completely miss the hobgoblin.
Your tail-slap misses the hobgoblin.
The hobgoblin is heavily wounded.
The hobgoblin misses you.
You hit the hobgoblin but do no damage.
The hobgoblin is heavily wounded.
The hobgoblin barely misses you.
You hit the hobgoblin.
You kill the hobgoblin!
There is a stone staircase leading up here.
You see here a hobgoblin corpse.
Are you sure you want to abandon this character and quit the game? (Confirm with "yes".)

#.# #.#...#.### ## #.#
#.#.#......
....####.###.#.##†....
.............#.###....
######..#####..##....
####### #.## ##.##....
.......##.# ##.##....
#.........######...#####
...^...@<........###
.###########.#####
#........ #########


There were no monsters in sight!

Vanquished Creatures
  2 ball pythons
  3 endoplasms
  A giant cockroach (D:2)
  2 goblins (D:1)
  5 hobgoblins
  5 quokkas
  3 bats
  A frilled lizard (D:2)
  5 kobolds
  6 rats
33 creatures vanquished.

Notes
Turn   | Place    | Note
-------+----------+-------------------------------------------
     0 | D:1      | fragbeetle the Palentonga Warper began the quest for the
                  | Orb.
     0 | D:1      | Reached XP level 1. HP: 17/17 MP: 3/3
   448 | D:1      | Reached XP level 2. HP: 22/23 MP: 5/5
  1119 | D:1      | Learned a level 2 spell: Blink
  1893 | D:2      | Reached XP level 3. HP: 28/28 MP: 6/6
  2398 | D:3      | Quit the game

Illustrated notes

Levels and vault maps discovered:
D:1:      scummos_arrival_simple_crosswalls, layout_rooms,
          hangedman_decor_diamond_cutter
D:2:      layout_loops_ring
D:3:      layout_rooms

Skill      XL: |  1  2 |
---------------+-------+-----
Polearms       | 2 |  2.1
Dodging        | 2 |  2.0
Fighting       | |  2.2
Throwing       | |  0.6
Armour         | |  0.8
Spellcasting   | |  2.0
Translocations | |  3.6

Action                   || total
-------------------------++-------
Melee: Spear             ||   142
       Tailslap          ||    10
 Cast: Blink             ||     1
 Abil: Rolling Charge    ||     2
Armor: Leather armour    ||    43
Dodge: Dodged            ||    52

Table legend: (Time is in decaauts)
 A = Elapsed time spent in this place.
 B = Non-inter-level travel time spent in this place.
 C = Inter-level travel time spent in this place.
 D = Time resting spent in this place.
 E = Time spent auto-exploring this place.
 F = Levels seen in this place.
 G = Mean time per level.
                   A        B        C        D        E       F      G
               +--------+--------+--------+--------+--------+-----+--------+
         Total |   2398 |   2379 |     19 |    960 |   1072 |   3 |  799.3 |
       Dungeon |   2398 |   2379 |     19 |    960 |   1072 |   3 |  799.3 |
               +--------+--------+--------+--------+--------+-----+--------+

Top non-repeatable levels by time:
     D:1: 1514 daAuts
     D:2: 800 daAuts
     D:3: 82 daAuts
